 Dungeon Crawl Stone Soup version 0.17.2-1-ge4368a0 (webtiles) character file.

16682 Goblin1989 the Pandemonic (level 12, -2/96 (97) HPs)
             Began as a Demonspawn Monk on July 25, 2016.
             Was a High Priest of Makhleb.
             Slain by a yak (13 damage)
             ... on level 11 of the Dungeon on July 26, 2016.
             The game lasted 00:55:42 (17659 turns).

Goblin1989 the Pandemonic (Demonspawn Monk)        Turns: 17659, Time: 00:55:42

HP:   -2/96 (97)    AC:  8    Str: 15    XL:     12   Next: 12%
MP:   20/20         EV: 13    Int: 14    God:    Makhleb [*****.]
Gold: 850           SH:  0    Dex: 15    Spells: 2 memorised, 1 level left

rFire  + . .     SeeInvis +       - Unarmed
rCold  + . .     Clarity  +     s - +0 ring mail
rNeg   + . .     SustAt   .     (no shield)
rPois  .         Gourm    .     (helmet unavailable)
rElec  .         Spirit   .     d - +0 cloak
rCorr  .         Warding  .     (no gloves)
rMut   .         Stasis   .     (boots unavailable)
MR     .....                    h - amulet of clarity
Stlth  +.........               f - ring of protection from cold
                                m - ring of positive energy

@: not resistant to hostile enchantments, very unstealthy
A: antennae 3, claws 2, talons 3, fire resistance 1, powered by death 1, wild
magic 1
a: Minor Destruction, Lesser Servant of Makhleb, Major Destruction, Greater
Servant of Makhleb, Renounce Religion


You were on level 11 of the Dungeon.
You worshipped Makhleb.
Makhleb was extremely pleased with you.
You were not hungry.

You visited 3 branches of the dungeon, and saw 18 of its levels.
You also visited: Ossuary.

You collected 1018 gold pieces.
You spent 168 gold pieces at shops.

Inventory:

Hand Weapons
 b - the +6 rapier "Tormentor" {flame, rElec Str+3}
   (You found it on level 8 of the Dungeon)

   It has been specially enchanted to burn those struck by it, causing extra
   injury to most foes and up to half again as much damage against particularly
   susceptible opponents.
   It affects your strength (+3).
   It insulates you from electricity.
Armour
 d - a +0 cloak (worn)
 s - a +0 ring mail (worn)
Jewellery
 a - an uncursed ring of protection from cold
 f - a ring of protection from cold (right claw)
 h - an amulet of clarity (around neck)
 m - a ring of positive energy (left claw)
 G - an uncursed ring of sustain attributes
Wands
 c - a wand of digging (8)
 i - a wand of polymorph (13)
 r - a wand of digging (13)
 y - a wand of magic darts (21)
 z - a wand of slowing (48)
 E - a wand of teleportation (0)
 K - a wand of lightning (5)
Scrolls
 g - 2 scrolls of immolation
 l - 13 scrolls of identify
 n - 6 scrolls of recharging
 o - 10 scrolls of teleportation
 v - 3 scrolls of enchant armour
 w - a scroll of acquirement {unknown}
 A - a scroll of remove curse
 D - 2 scrolls of blinking
 F - 2 scrolls of amnesia
 H - a scroll of fog
 P - 3 scrolls of magic mapping
Potions
 e - a potion of might
 j - 6 potions of curing
 k - 2 potions of haste
 p - 2 potions of flight
 C - 2 potions of invisibility
 I - a potion of agility
 J - 4 potions of ambrosia
 L - 2 potions of magic
Comestibles
 q - a royal jelly
 u - 4 bread rations
 x - 4 meat rations
 B - 10 fruits


   Skills:
 - Level 9.8 Fighting
 - Level 7.8 Armour
 - Level 5.5 Dodging
 - Level 1.7 Stealth
 - Level 11.0 Unarmed Combat
 - Level 0.6 Spellcasting
 + Level 11.6 Invocations


You had one spell level left.
You knew the following spells:

 Your Spells              Type           Power        Failure   Level  Hunger
a - Aura of Abjuration    Summ           #.........   100%        5    ######.
b - Statue Form           Trmt/Erth      #........    100%        6    #######


Dungeon Overview and Level Annotations

Branches:
Dungeon (12/15)            Temple (1/1) D:4            Lair (5/8) D:8
 Shoals (0/4) Lair:4
  Snake: Lair:3-6    Spider: Lair:3-6       Orc: D:9-12

Altars:
Ashenzari
Cheibriados
Dithmenos
Elyvilon
Fedhas
Gozag
Kikubaaqudgha
Makhleb
Nemelex Xobeh
Okawaru
Qazlal
Ru
Sif Muna
Trog
Vehumet
Xom
Yredelemnul
Zin
The Shining One
Jiyva

Shops:
D:6 !(}[

Annotations:
D:3 Grinder
D:4 ololoev's ghost, amateur DsBe
D:10 Harold
Lair:3 exclusion: oklob plant


Innate Abilities, Weirdness & Mutations

You have a pair of large antennae on your head (SInv).
You have very sharp fingernails.
You have claws for feet.
Your flesh is heat resistant.
You regenerate a little health from kills.
Your spells are a little harder to cast, but a little more powerful.


Message History

The yak bellows!
You scratch the yak but do no damage. You claw the yak.
The yak is lightly wounded.
The yak seems to regain its courage.
The yak gores you!
* * * LOW HITPOINT WARNING * * *
You take 6 damage, and have 14/96 hp.
You claw the yak! You claw the yak, but do no damage.
The yak is moderately wounded.
The yak completely misses you.
Your ring mail prevents you from hitting the yak.
The yak is moderately wounded.
The yak gores you!
* * * LOW HITPOINT WARNING * * *
You take 11 damage, and have 5/96 hp.
You regained 2 hp, and now have 9/96 hp.
You feel less regenerative.
You completely miss the yak. You claw the yak.
The yak is lightly wounded.
The yak gores you!
You die...

..((.....(.(#)#...(.#
#.#
.⌠.........(..(...####
#.#
.....................#
#.#
...##8###8#.......##.#
#.#
..^########.#.....##.#
#.# ...8#
#.....#.###....###.#
...##
#.#................#
...#
#.#.....#####.######
...## #.#..>Y.YY@...#
...8# #.#.##.######.#
...## #.#.##.#....#.#
...# #.#Y##.#.#.##.#
#### #.#.##Y#.#.##.#
#.#†##.#.#.##.#
#)#.##.#.#....#
#.#....#.######
#.######.#


You could see 3 yaks.

Vanquished Creatures
  A griffon (Lair:4)
  A manticore (D:9)
  5 elephants (Lair:3)
  6 spiny frogs
  A black mamba (Lair:3)
  A kobold demonologist (D:11)
  A komodo dragon (Lair:4)
  A troll (D:11)
  A merfolk (Lair:4)
  A deep elf mage (D:7)
  2 wyverns
  A steam dragon (D:9)
  Eustachio (D:6)
  A basilisk (Lair:2)
  A hungry ghost (D:10)
  14 yaks
  4 hippogriffs
  Menkaure (D:5)
  2 water moccasins (Lair:2)
  3 orc warriors
  A sky beast (D:7)
  8 porcupines
  A necrophage (D:11)
  7 ogres
  4 ice beasts
  A black bear (D:8)
  2 crocodiles (Lair:3)
  4 phantoms
  2 centaurs
  2 big kobolds
  A wyvern zombie (D:10)
  18 giant frogs
  2 scorpions
  5 wights (D:10)
  6 crimson imps
  2 jellies
  5 orc priests
  10 orc wizards
  A centaur skeleton (D:4)
  A gnoll shaman (D:7)
  6 hounds
  6 iguanas
  9 worker ants
  6 big kobold zombies (Ossuary)
  A hound skeleton (D:4)
  A mummy (Ossuary)
  2 worker ant zombies
  5 gnolls (D:7)
  38 river rats
  10 adders
  A shadow imp (D:6)
  3 oozes (D:4)
  A worm (D:3)
  An adder skeleton (D:8)
  5 giant geckos
  52 orcs
  2 spectral bats (Ossuary)
  6 gnoll zombies (Ossuary)
  5 goblins
  7 hobgoblins
  10 jackals
  4 quokkas
  7 bats
  2 bat simulacra (Ossuary)
  6 giant cockroaches
  7 goblin zombies (Ossuary)
  5 hobgoblin zombies (Ossuary)
  A jackal skeleton (D:4)
  12 kobolds
  3 kobold simulacra (Ossuary)
  A kobold zombie (Ossuary)
  5 orc zombies (Ossuary)
  A quokka skeleton (D:7)
  2 quokka zombies
  4 rats
  4 rat simulacra (Ossuary)
  3 spectral goblins (Ossuary)
  3 spectral kobolds (Ossuary)
  2 spectral rats (Ossuary)
381 creatures vanquished.

Vanquished Creatures (collateral kills)
  A hydra (D:11)
  An elephant (Lair:3)
  A centaur (D:11)
3 creatures vanquished.

Vanquished Creatures (others)
  4 fungi
4 creatures vanquished.

Grand Total: 388 creatures vanquished

Notes
Turn   | Place    | Note
--------------------------------------------------------------
     0 | D:1      | Goblin1989 the Demonspawn Monk began the quest for the Orb.
     0 | D:1      | Reached XP level 1. HP: 18/18 MP: 1/1
   441 | D:1      | Reached skill level 4 in Unarmed Combat
   640 | D:2      | Gained mutation: You have sharp fingernails. [demonic ancestry]
   640 | D:2      | Reached XP level 2. HP: 20/24 MP: 2/2
   677 | D:2      | Found a basalt altar of Yredelemnul.
  1215 | D:3      | Noticed Grinder
  1267 | D:2      | Gained mutation: You have sharp toenails. [demonic ancestry]
  1267 | D:2      | Reached XP level 3. HP: 29/29 MP: 3/3
  1667 | D:3      | Reached skill level 5 in Unarmed Combat
  1948 | D:3      | Gained mutation: You have very sharp fingernails. [demonic ancestry]
  1948 | D:3      | Reached XP level 4. HP: 27/35 MP: 4/4
  2075 | D:3      | Paralysed by Grinder for 3 turns
  2480 | D:4      | Gained mutation: You have a pair of small antennae on your head. [demonic ancestry]
  2480 | D:4      | Reached XP level 5. HP: 41/41 MP: 5/5
  2502 | D:4      | Found a staircase to the Ecumenical Temple.
  2516 | D:4      | Reached skill level 6 in Unarmed Combat
  2743 | Temple   | Entered the Ecumenical Temple
  2882 | Temple   | Became a worshipper of Makhleb the Destroyer
  2882 | Temple   | Reached * piety under Makhleb
  2882 | Temple   | Reached ** piety under Makhleb
  2945 | D:4      | Noticed an ogre
  2966 | D:4      | Noticed ololoev's ghost (amateur DsBe)
  3148 | D:4      | Noticed a phantom
  3155 | D:4      | Killed a phantom
  3155 | D:4      | Reached skill level 1 in Invocations
  3155 | D:4      | Gained mutation: Your flesh is heat resistant. [demonic ancestry]
  3155 | D:4      | Reached XP level 6. HP: 42/47 MP: 5/7
  3191 | D:4      | Learned a level 5 spell: Aura of Abjuration
  3294 | D:4      | Noticed an ogre
  3306 | D:4      | Killed an ogre
  3306 | D:4      | Reached skill level 7 in Unarmed Combat
  3325 | D:4      | Found a viscous altar of Jiyva.
  3429 | D:4      | Noticed a phantom
  3447 | D:4      | Killed a phantom
  3447 | D:4      | Gained mutation: You have razor-sharp toenails. [demonic ancestry]
  3447 | D:4      | Reached XP level 7. HP: 52/52 MP: 9/9
  3849 | D:4      | Killed an ogre
  4292 | D:5      | Entered Level 5 of the Dungeon
  4429 | D:5      | Noticed a deep elf mage
  5506 | D:5      | Reached skill level 8 in Unarmed Combat
  5658 | D:5      | Gained mutation: You have a pair of antennae on your head. [demonic ancestry]
  5658 | D:5      | Reached XP level 8. HP: 50/58 MP: 10/10
  5711 | D:5      | Reached *** piety under Makhleb
  5879 | D:6      | Found a sand-covered staircase.
  5883 | Ossuary  | Entered an ossuary
  6006 | Ossuary  | Reached skill level 9 in Unarmed Combat
  6318 | Ossuary  | Reached **** piety under Makhleb
  6482 | D:6      | Found a white marble altar of Elyvilon.
  6584 | D:6      | Noticed Menkaure
  6600 | D:5      | Killed Menkaure
  6600 | D:5      | Reached skill level 1 in Armour
  6868 | D:6      | Noticed Eustachio
  6908 | D:6      | Killed Eustachio
  7021 | D:6      | Found Zappev's Distillery.
  7030 | D:6      | Bought a potion of degeneration for 12 gold pieces
  7030 | D:6      | Bought a potion of haste for 120 gold pieces
  7030 | D:6      | Bought a potion of flight for 36 gold pieces
  7063 | D:6      | Found Woaciece's Gadget Emporium.
  7072 | D:6      | Found Yrovuon's Weapon Boutique.
  7305 | D:6      | Found a glowing golden altar of the Shining One.
  7538 | D:6      | Reached skill level 10 in Unarmed Combat
  7740 | D:6      | Found Fyeluigg's Armour Shop.
  7790 | D:7      | Killed a deep elf mage
  7790 | D:7      | Gained mutation: You regenerate a little health from kills. [demonic ancestry]
  7790 | D:7      | Reached XP level 9. HP: 67/67 MP: 11/11
  7825 | D:7      | Reached skill level 5 in Fighting
  8084 | D:7      | Reached ***** piety under Makhleb
  8178 | D:7      | Gained mutation: Your spells are a little harder to cast, but a little more powerful. [mutagenic meat]
  8574 | D:8      | Found a bloodstained altar of Trog.
  8586 | D:8      | Found a staircase to the Lair.
  8632 | D:8      | Got a brightly glowing dagger
  8742 | D:8      | Reached skill level 5 in Armour
  8751 | D:8      | Got a dazzling rapier
  8764 | D:8      | Found a blossoming altar of Fedhas.
  8768 | D:8      | Found a radiant altar of Vehumet.
  9071 | D:8      | Found an iron altar of Okawaru.
  9076 | D:8      | Found a shattered altar of Ashenzari.
  9300 | D:8      | Found a glowing silver altar of Zin.
  9300 | D:8      | Found a deep blue altar of Sif Muna.
  9300 | D:8      | Found a sparkling altar of Nemelex Xobeh.
  9362 | D:8      | Reached XP level 10. HP: 79/79 MP: 13/13
  9434 | Lair:1   | Entered Level 1 of the Lair of Beasts
  9510 | Lair:1   | Identified the +6 rapier "Tormentor" {flame, rElec Str+3} (You found it on level 8 of the Dungeon)
 10426 | Lair:2   | Reached skill level 5 in Invocations
 10945 | Lair:2   | Found a glowing golden altar of the Shining One.
 11173 | Lair:2   | Got a thick robe
 11184 | Lair:2   | Identified the +1 robe of Henotheism {Dex+2} (You found it on level 2 of the Lair of Beasts)
 11846 | Lair:3   | Noticed an elephant
 11848 | Lair:3   | Noticed an elephant
 11850 | Lair:3   | Noticed an elephant
 11850 | Lair:3   | Noticed an elephant
 11850 | Lair:3   | Noticed an elephant
 11851 | Lair:3   | Noticed an elephant
 11863 | Lair:3   | Killed an elephant
 11865 | Lair:3   | Killed an elephant
 11877 | Lair:3   | Killed an elephant
 11877 | Lair:3   | Gained mutation: You have claws for feet. [demonic ancestry]
 11877 | Lair:3   | Reached XP level 11. HP: 63/87 MP: 15/15
 11898 | Lair:3   | Killed an elephant
 11898 | Lair:3   | Reached skill level 11 in Unarmed Combat
 12154 | Lair:3   | Noticed an oklob plant
 12402 | Lair:3   | Killed an elephant
 12537 | Lair:3   | Killed an elephant
 12616 | Lair:3   | Noticed a black mamba
 12634 | Lair:3   | Killed a black mamba
 13173 | Lair:4   | Learned a level 6 spell: Statue Form
 13557 | Lair:4   | Reached ****** piety under Makhleb
 13594 | Lair:4   | Reached skill level 5 in Dodging
 13988 | Lair:4   | Found a staircase to the Shoals.
 14650 | Lair:5   | Noticed an eight-headed hydra
 14671 | Lair:5   | Noticed a balrug
 15741 | D:10     | Entered Level 10 of the Dungeon
 15769 | D:10     | Noticed Harold
 16192 | D:10     | Reached skill level 10 in Invocations
 16370 | D:10     | Noticed a hill giant
 16387 | D:10     | Noticed a hill giant
 16425 | D:11     | Noticed a six-headed hydra
 16753 | D:11     | Gained mutation: You have a pair of large antennae on your head (SInv). [demonic ancestry]
 16753 | D:11     | Reached XP level 12. HP: 67/96 MP: 20/20
 16808 | D:11     | Found a sparkling altar of Nemelex Xobeh.
 17229 | D:11     | Killed a six-headed hydra
 17659 | D:11     | Slain by a yak

Action                   |  1- 3 |  4- 6 |  7- 9 | 10-12 || total
-------------------------+-------+-------+-------+-------++-------
Melee: Unarmed           |   134 |   110 |   554 |   700 ||  1498
Invok: Lesser Servant of |       |       |     1 |     6 ||     7
       Greater Servant o |       |       |       |     2 ||     2
Evoke: Wand              |       |       |     1 |     2 ||     3
  Use: Potion            |       |       |     5 |     6 ||    11
       Scroll            |       |       |    10 |     8 ||    18
 Stab: Sleeping          |     3 |     1 |     8 |     1 ||    13
  Eat: Chunk             |     3 |     4 |    15 |    24 ||    46
       Fruit             |       |     1 |     3 |     3 ||     7
       Pizza             |       |       |     1 |       ||     1
       Royal jelly       |       |       |       |     2 ||     2
